 Dungeon Crawl Stone Soup version 0.27-a0-1334-g2746e35aca (webtiles) character file.

Game seed: 16180057503122296098

0 Gargoyl the Skirmisher (level 1, -3/23 HPs)
             Began as a Gnoll Abyssal Knight on June 26, 2021.
             Was a Follower of Lugonu.
             Slain by a fire bat (6 damage)
             ... on level 3 of the Abyss.
             The game lasted 00:00:37 (133 turns).

Gargoyl the Skirmisher (Gnoll Abyssal Knight)        Turns: 133, Time: 00:00:37

Health: -3/23      AC:  3    Str: 11    XL:     1   Next: 0%
Magic:  3/3        EV: 11    Int: 11    God:    Lugonu [*.....]
Gold:   33         SH:  0    Dex: 11    Spells: 0/0 levels left

rFire    . . .     SeeInvis .   a - +1 hand axe
rCold    . . .     Faith    .   (no shield)
rNeg     . . .     Spirit   .   b - +0 leather armour
rPois    .         Reflect  .   (no helmet)
rElec    .         Harm     .   (no cloak)
rCorr    .         Rampage  .   (no gloves)
Will     .....                  (no boots)
Stlth    +.........             (no amulet)
HPRegen  0.07/turn              (no ring)
MPRegen  0.08/turn              (no ring)

@: no status effects
A: fangs 1, strong nose, distributed training
a: Renounce Religion, Depart the Abyss


You were on level 3 of the Abyss.
You worshipped Lugonu.
Lugonu was aware of your devotion.
You visited 0 branches of the dungeon, and saw 0 of its levels.
You visited the Abyss 1 time.

You collected 33 gold pieces.

Inventory:

Hand Weapons
 a - a +1 hand axe (weapon)
 c - a +0 war axe
Armour
 b - a +0 leather armour (worn)


   Skills:
 + Level 6.4 Fighting
 + Level 0.0 Short Blades
 + Level 0.0 Long Blades
 + Level 4.4 Axes
 + Level 0.0 Maces & Flails
 + Level 0.0 Polearms
 + Level 0.0 Staves
 + Level 0.0 Slings
 + Level 0.0 Bows
 + Level 0.0 Crossbows
 + Level 0.0 Throwing
 + Level 4.4 Armour
 + Level 2.3 Dodging
 + Level 0.0 Stealth
 + Level 0.0 Shields
 + Level 0.0 Unarmed Combat
 + Level 0.0 Spellcasting
 + Level 0.0 Conjurations
 + Level 0.0 Hexes
 + Level 0.0 Summonings
 + Level 0.0 Necromancy
 + Level 0.0 Translocations
 + Level 0.0 Transmutations
 + Level 0.0 Fire Magic
 + Level 0.0 Ice Magic
 + Level 0.0 Air Magic
 + Level 0.0 Earth Magic
 + Level 0.0 Poison Magic
 + Level 4.4 Invocations
 + Level 0.0 Evocations


You couldn't memorise any spells.
You didn't know any spells.
Your spell library was empty.

Dungeon Overview and Level Annotations

Branches:
Dungeon (0/15)

Altars:


Innate Abilities, Weirdness & Mutations

You have very sharp teeth.
Your uncanny sense of smell can sniff out nearby items.
Your experience applies equally to all skills.


Message History

The small abomination barely misses you.
A starspawn tentacle comes into view.
A starspawn tentacle comes into view.
The starspawn tentacle closely misses you.
The starspawn tentacle barely misses you.
The starspawn tentacle misses you. The starspawn tentacle grabs you.
The starspawn tentacle constricts you.
You escape the starspawn tentacle's grasp.
The rakshasa hits you with a +0 trident.
The starspawn tentacle closely misses you.
The rakshasa barely misses you.
Unknown command.
The rakshasa closely misses you.
The rakshasa weaves an illusion.
The small abomination shimmers and seems to become two!
A tentacle flies out from the starspawn's body!
A starspawn tentacle comes into view.
A tentacled starspawn comes into view.
A tentacle flies out from the starspawn's body!
A starspawn tentacle comes into view.
A starspawn tentacle comes into view.
A small abomination comes into view.
Found an orange potion.
Tentacles burst from the starspawn's body! 2 starspawn tentacles come into view.
Found a corrupted altar of Lugonu.
There is a corrupted altar of Lugonu here.
A starspawn tentacle comes into view.
A fire bat comes into view.
The fire bat misses you. The fire bat closely misses you.
The fire bat barely misses you. The fire bat closely misses you.
The fire bat misses you. The fire bat barely misses you.
The fire bat barely misses you. The fire bat bites you.
You are engulfed in flames!
* * * LOW HITPOINT WARNING * * *
The fire bat bites you.
* * * LOW HITPOINT WARNING * * *
You are engulfed in flames.
You die...

##..# ## ∆
....## . #
#.#.. .# #..
##... ..# #
##..####.#..
#.. #.
.#...#.##.###.#
#.#
#.#.#.....b..#
.##.
....#..#@#.#
#.#..##..x#.#.#
..##.#.#..####
##.#...#..# #
###...##..### #
#.. ###....#
#.. ## ..###
.#..#. .##.#
.#│#. ###..#


You could see a fire bat.

Vanquished Creatures (others)
  12 starspawn tentacles (Abyss:3)
12 creatures vanquished.

Notes
Turn   | Place    | Note
-------+----------+-------------------------------------------
     0 | Abyss:1  | Gargoyl the Gnoll Abyssal Knight began the quest for the
                  | Orb.
     0 | Abyss:1  | Reached XP level 1. HP: 23/23 MP: 3/3
    59 | Abyss:3  | Noticed a small abomination
    91 | Abyss:3  | Noticed a rakshasa
    91 | Abyss:3  | Noticed a tentacled starspawn
   111 | Abyss:3  | Noticed a tentacled starspawn
   112 | Abyss:3  | Noticed a small abomination
   117 | Abyss:3  | Found a corrupted altar of Lugonu.
   125 | Abyss:3  | Noticed a fire bat
   133 | Abyss:3  | Slain by a fire bat

Illustrated notes

Levels and vault maps discovered:
Abyss:3:  base: Temple, base: Temple, bh_abyss_negative,
          gammafunk_abyss_exit_x_factor, hangedman_abyss_sting

Action                   || total
-------------------------++-------
Dodge: Dodged            ||    14

Table legend: (Time is in decaauts)
 A = Elapsed time spent in this place.
 B = Non-inter-level travel time spent in this place.
 C = Inter-level travel time spent in this place.
 D = Time resting spent in this place.
 E = Time spent auto-exploring this place.
 F = Levels seen in this place.
 G = Mean time per level.
                   A        B        C        D        E       F      G
               +--------+--------+--------+--------+--------+-----+--------+
         Total |    132 |    132 |      0 |      0 |     48 |   3 |   44.0 |
         Abyss |    132 |    132 |      0 |      0 |     48 |   3 |   44.0 |
               +--------+--------+--------+--------+--------+-----+--------+

Top non-repeatable levels by time:
 Abyss:3: 87 daAuts
 Abyss:1: 27 daAuts
 Abyss:2: 17 daAuts
